Map: Tropical Sacrifice

Players

Cognite

  • Race: Protoss Protoss
  • Spawn Location: 7:00

DisReSpeCT - Winner!

  • Race: Terran Terran
  • Spawn Location: 1:00

Event: DreamHack SC2 Masters 2022 Atlanta (Offline)

VOD

Have the link to the VOD?

Description

Time

  • Played on: Nov. 18, 2022, 11:10 a.m.
  • Length: 8:38

All games in this series

Show
View Real Time Build Order
Export as new Build Order

Cognite Protoss 

Build Orders: 1 Gate Expand, Phoenix Opening, Blink Stalkers 

Get SALT Encoding   

  12  0:00  Probe  
  13  0:12  Probe  
  14  0:18  Pylon  
  14  0:24  Probe (Chrono Boost)  
  15  0:36  Probe (Chrono Boost)  
  15  0:37  Gateway  
  16  0:45  Probe (Chrono Boost)  
  16  0:46  Assimilator  
  17  0:50  Probe  
  18  1:03  Probe  
  19  1:15  Probe  
  20  1:24  Cybernetics Core  
  20  1:34  Nexus  
  20  1:42  Probe  
  20  1:46  Pylon  
  21  1:54  Probe  
  21  1:57  Assimilator  
  22  2:01  Warp Gate  
  22  2:03  Adept (Chrono Boost)  
  22  2:07  Probe  
  25  2:19  Probe  
  26  2:25  Sentry (Chrono Boost)  
  28  2:31  Probe  
  29  2:38  Gateway  
  30  2:46  Probe (Chrono Boost)  
  30  2:47  Probe (Chrono Boost)  
  30  2:49  Twilight Council  
  31  2:51  Phoenix  
  31  2:54  Stalker  
  34  2:59  Probe (Chrono Boost)  
  34  3:00  Probe (Chrono Boost)  
  35  3:07  Probe, Pylon  
  35  3:08  Probe  
  38  3:20  Probe x2  
  39  3:32  Robotics Facility, Probe x2  
  39  3:33  Shield Battery  
  41  3:38  Blink (Chrono Boost)  
  35  4:00  Probe (Chrono Boost)  
  37  4:08  Probe (Chrono Boost)  
  38  4:10  Probe (Chrono Boost)  
  38  4:12  Nexus  
  38  4:14  Stalker  
  38  4:15  Probe x2 (Chrono Boost)  
  41  4:22  Pylon  
  42  4:25  Observer  
  42  4:27  Probe (Chrono Boost)  
  45  4:32  Probe (Chrono Boost)  
  45  4:36  Probe (Chrono Boost)  
  46  4:40  Probe (Chrono Boost)  
  47  4:51  Stalker x2  
  49  5:01  Probe (Chrono Boost)  
  49  5:05  Probe (Chrono Boost)  
  51  5:10  Probe (Chrono Boost)  
  53  5:15  Phoenix, Probe (Chrono Boost)  
  53  5:16  Probe (Chrono Boost)  
  53  5:17  Pylon  
  54  5:21  Gateway  
  54  5:22  Assimilator  
  54  5:26  Gateway  
  55  5:30  Probe (Chrono Boost)  
  55  5:31  Probe (Chrono Boost)  
  55  5:32  Probe (Chrono Boost)  
  57  5:38  Sentry, Probe (Chrono Boost), Stalker  
  57  5:39  Observer  
  57  5:40  Probe (Chrono Boost)  
  57  5:41  Probe (Chrono Boost)  
  64  5:46  Probe  
  64  5:48  Charge (Chrono Boost)  
  66  5:51  Forge  
  66  5:52  Probe  
  66  5:55  Probe  
  68  5:58  Probe  
  68  6:04  Probe  
  70  6:09  Probe  
  70  6:11  Zealot x2  
  70  6:13  Probe (Chrono Boost)  
  68  6:20  Immortal  
  68  6:21  Probe (Chrono Boost)  
  68  6:25  Probe (Chrono Boost)  
  74  6:29  Protoss Ground Weapons Level 1  
  75  6:34  Probe (Chrono Boost)  
  75  6:35  Probe (Chrono Boost)  
  75  6:37  Probe (Chrono Boost)  
  77  6:41  Probe (Chrono Boost)  
  77  6:42  Gateway x2  
  77  6:43  Gateway  
  77  6:45  Probe (Chrono Boost)  
  80  6:52  Probe (Chrono Boost)  
  79  6:56  Probe (Chrono Boost)  
  79  6:57  Stalker x3  
  85  7:02  Shield Battery  
  85  7:03  Pylon  
  85  7:07  Pylon  
  76  7:17  Probe x2  
  76  7:19  Probe  
  76  7:21  Zealot x3  
  71  7:30  Zealot  
  59  7:40  Stalker x3  
  61  7:45  Stalker  
  61  7:46  Stalker x2  
  61  7:52  Stalker  
  61  8:07  Zealot x2, Pylon  
  61  8:10  Zealot  
  61  8:11  Gateway  
  67  8:14  Sentry  
  67  8:15  Sentry  
  67  8:16  Probe (Chrono Boost)  
  67  8:18  Probe (Chrono Boost)  
  73  8:21  Sentry  
  73  8:24  Probe (Chrono Boost)  
  73  8:26  Probe (Chrono Boost)  
  77  8:32  Zealot x2  
Show
View Real Time Build Order
Export as new Build Order

DisReSpeCT Terran - Winner!

Build Orders:  

Get SALT Encoding   

  12  0:00  SCV  
  13  0:12  SCV  
  14  0:17  Supply Depot  
  14  0:24  SCV  
  15  0:38  SCV  
  15  0:40  Barracks  
  16  0:44  Refinery  
  16  0:50  SCV  
  17  1:03  SCV  
  18  1:15  SCV  
  19  1:27  Orbital Command, Marine  
  20  1:47  Command Center  
  20  1:55  Factory  
  20  2:00  SCV  
  21  2:03  Barracks Reactor  
  21  2:13  SCV  
  22  2:16  Supply Depot  
  22  2:19  Refinery  
  22  2:25  SCV  
  23  2:38  SCV  
  23  2:42  Starport  
  24  2:48  Hellion x2  
  29  2:51  SCV  
  29  2:59  Orbital Command  
  29  3:03  SCV  
  30  3:10  Widow Mine x2  
  34  3:16  SCV  
  35  3:20  Supply Depot  
  35  3:26  Medivac  
  37  3:28  SCV  
  37  3:29  SCV  
  39  3:37  Widow Mine  
  39  3:38  Barracks Tech Lab  
  39  3:40  SCV  
  42  3:50  SCV  
  42  3:55  SCV  
  42  4:02  SCV  
  40  4:03  Starport Tech Lab  
  40  4:07  Refinery, SCV  
  40  4:08  Marine x2  
  40  4:09  Siege Tank  
  46  4:14  SCV  
  47  4:17  Barracks  
  47  4:19  SCV, Barracks  
  47  4:21  Supply Depot  
  47  4:23  Raven  
  50  4:26  SCV  
  50  4:28  Marine x2  
  53  4:31  SCV  
  54  4:40  SCV  
  54  4:43  SCV  
  54  4:52  SCV  
  55  4:53  Siege Tank, Marine  
  55  4:54  Marine  
  55  4:56  Engineering Bay, SCV  
  61  5:04  SCV  
  62  5:07  Refinery  
  62  5:12  Engineering Bay  
  62  5:16  Stimpack  
  62  5:17  Starport Reactor  
  62  5:19  Supply Depot  
  62  5:22  SCV x2, Marine  
  62  5:24  Supply Depot  
  65  5:28  Marine  
  65  5:29  Marine  
  65  5:34  SCV, Combat Shield, Marauder  
  70  5:36  Factory Reactor  
  70  5:39  Supply Depot, Terran Infantry Weapons Level 1  
  70  5:41  SCV  
  71  5:42  Supply Depot  
  71  5:46  SCV  
  71  5:48  Marine x2  
  71  5:49  Marauder  
  76  5:53  SCV  
  76  5:54  Supply Depot, Medivac  
  79  5:58  SCV  
  80  6:10  Marine x2  
  80  6:11  Medivac, Marauder x2  
  86  6:18  SCV  
  89  6:20  Widow Mine x2  
  89  6:24  Supply Depot  
  93  6:30  Marine x2  
  93  6:31  Command Center  
  95  6:34  Marauder  
  95  6:36  SCV, Marine  
  99  6:46  SCV  
  100  6:48  Supply Depot, Medivac x2  
  100  6:49  SCV, Widow Mine  
  107  6:55  Supply Depot, Marine  
  107  6:56  Marauder  
  107  6:58  SCV  
  107  7:01  SCV  
  110  7:15  Marine  
  110  7:16  Marauder, Marine  
  110  7:17  Marauder  
  106  7:33  Marine  
  99  7:37  Marauder  
  99  7:38  Marauder  
  99  7:41  Marine  
  99  7:42  Medivac x2, Widow Mine x2  
  110  7:51  Marine  
  110  7:52  SCV  
  110  7:56  Barracks x2  
  109  7:59  Marauder  
  109  8:05  SCV x2  
  112  8:08  Armory  
  112  8:09  Marauder, Marine x2  
  116  8:13  Supply Depot, Orbital Command  
  116  8:17  SCV x2  
Tags
 
Add a new tag
Caveats
  • Supply blocks, unpowered buildings, or Contaminate may cause inaccurate times.
  • Supply counts are checked every 10 seconds.